 Dungeon Crawl Stone Soup version 0.21.0-3-g78d12a8 (webtiles) character file.

11208 Faca the Archer (level 11, -23/102 HPs)
             Began as a Centaur Hunter on Jan 12, 2018.
             Was a High Priest of Okawaru.
             Killed from afar by a deep elf mage (25 damage)
             ... with a bolt of fire
             ... on level 10 of the Dungeon.
             The game lasted 00:36:56 (15815 turns).

Faca the Archer (Centaur Hunter)                   Turns: 15815, Time: 00:36:57

Health: -23/102    AC: 12    Str: 17    XL:     11   Next: 46%
Magic:  11/11      EV: 11    Int: 14    God:    Okawaru [*****.]
Gold:   436        SH:  0    Dex: 14    Spells: 10/10 levels left

rFire    . . .     SeeInvis .   r - +2 trident (venom)
rCold    + . .     Gourm    +   (no shield)
rNeg     . . .     Faith    .   w - +3 scale mail "Goil" {+Fly rCorr Int+4 Dex+3}
rPois    .         Spirit   .   (no helmet)
rElec    .         Reflect  .   (no cloak)
rCorr    +         Harm     .   b - +2 pair of gloves
MR       .....                  (no barding)
Stlth    ..........             v - amulet of the gourmand
HPRegen  0.27/turn              h - ring of protection from cold
MPRegen  0.12/turn              s - +4 ring of evasion

@: about to teleport, very quick
A: large, hooves 3, deformed body, speed 2, tough skin 3
a: Heroism, Finesse, Renounce Religion, Evoke Flight


You were on level 10 of the Dungeon.
You worshipped Okawaru.
Okawaru was extremely pleased with you.
You were very full.

You visited 2 branches of the dungeon, and saw 11 of its levels.

You collected 488 gold pieces.
You spent 52 gold pieces at shops.

Inventory:

Hand Weapons
 a - a +2 shortbow
 p - the +7 spear "Wirchoelu" {pierce, rElec rF+++ MR+ Dex-5}
   (You found it on level 5 of the Dungeon)

   It inflicts extra damage upon your enemies.
   It affects your dexterity (-5).
   It renders you almost immune to fire.
   It insulates you from electricity.
   It affects your resistance to hostile enchantments.
 r - a +2 trident of venom (weapon)
Missiles
 d - 196 arrows
Armour
 b - a +2 pair of gloves (worn)
 w - the +3 scale mail "Goil" (worn) {+Fly rCorr Int+4 Dex+3}
   (You found it on level 7 of the Dungeon)

   It affects your intelligence (+4).
   It affects your dexterity (+3).
   It lets you fly.
   It protects you from acid and corrosion.
Jewellery
 h - a ring of protection from cold (left hand)
 s - a +4 ring of evasion (right hand)
 v - an amulet of the gourmand (around neck)
Wands
 x - a wand of disintegration (13)
 y - a wand of iceblast (7)
 C - a wand of paralysis (18)
Scrolls
 c - a scroll of teleportation
 e - a scroll of enchant weapon
 g - 5 scrolls of remove curse
 q - 3 scrolls of magic mapping
 u - 5 scrolls of random uselessness {unknown}
Potions
 i - 3 potions of flight
 j - 5 potions of mutation
 k - 2 potions of ambrosia
 l - a potion of degeneration {unknown}
 m - a potion of invisibility
 n - a potion of resistance
 o - 3 potions of agility
 t - 5 potions of heal wounds
 z - a potion of curing
 A - a potion of haste
Comestibles
 f - 7 rations


   Skills:
 + Level 11.0 Fighting
 + Level 9.0 Polearms
 + Level 14.5 Bows
 - Level 1.3 Dodging
 - Level 0.4 Stealth


You had 10 spell levels left.
You didn't know any spells.

Dungeon Overview and Level Annotations

Branches:
Dungeon (10/15)            Temple (1/1) D:6            Lair (0/6) D:8
    Orc: D:9-12

Altars:
Ashenzari
Cheibriados
Dithmenos
Elyvilon
Fedhas
Gozag
Hepliaklqana
Kikubaaqudgha
Makhleb
Nemelex Xobeh
Okawaru
Qazlal
Ru
Sif Muna
Trog
Uskayaw
Vehumet
Wu Jian
Xom
Yredelemnul
Zin
The Shining One

Shops:
D:5 *   D:6 *

Annotations:
D:2 1 runed door


Innate Abilities, Weirdness & Mutations

You have hooves in place of feet.
Armour fits poorly on your strangely shaped body.
You cover ground very quickly.
You have extremely tough skin. (AC +3)


Message History

* * * LOW HITPOINT WARNING * * *
The fire elemental hits you. The fire elemental burns you!
* * * LOW HITPOINT WARNING * * *
The deep elf mage barely misses you.
The deep elf mage mumbles some strange words.
The deep elf mage blinks!
Your surroundings seem slightly different.
The deep elf mage is engulfed in blazing flames.
As you read the scroll of teleportation, it crumbles to dust.
You feel strangely unstable. The fire elemental hits you.
The fire elemental burns you!
* * * LOW HITPOINT WARNING * * *
The fire elemental hits you. The fire elemental burns you!
* * * LOW HITPOINT WARNING * * *
The deep elf mage is engulfed in blazing flames.
The fire elemental misses you.
The deep elf mage points at you and mumbles some strange words.
The bolt of fire misses the fire elemental.
The bolt of fire hits you!
You die...

#. ......
#..........# .....
......
####'##....# .....
..... ##...##....#
.....
#....########...##
##..§.# ...## #
##.§§.# .... #
#..§.§# ...8. #
#.EE..#...... #
#@.E.e'......### #
##...##...####.# #
##### ######..###
#....... #.......
#....... #..†....
##...##. #.######


You could see a deep elf mage and 3 fire elementals.

Vanquished Creatures
  A two-headed ogre (D:10)
  Erica (D:8)
  A deep elf mage (D:10)
  A centaur skeleton (D:10)
  A troll (D:8)
  The ghost of Sin92 the Slasher, an amateur DsFi (D:4)
  Prince Ribbit (D:7)
  4 slime creatures
  A hippogriff (D:9)
  12 yaks
  A wraith (D:10)
  A wyvern (D:10)
  A hungry ghost (D:8)
  Edmund (D:5)
  A water moccasin (D:10)
  Duvessa (D:7)
  2 orc warriors
  An ice beast (D:6)
  3 sky beasts
  A black bear (D:6)
  A phantom (D:4)
  A necrophage (D:9)
  5 wolves
  The ghost of sambo the Insei, an amateur GnTm (D:3)
  7 ogres
  4 centaurs
  A big kobold (D:9)
  Blork the orc (D:5)
  2 bullfrogs
  Dowan (D:7)
  A scorpion (D:8)
  5 killer bees (D:8)
  6 howler monkeys
  11 wights
  An electric eel (D:8)
  3 crimson imps
  A centaur zombie (D:6)
  6 orc priests
  4 hounds
  5 jellies
  11 orc wizards
  4 iguanas
  8 worker ants
  A killer bee zombie (D:9)
  2 hound zombies
  A howler monkey zombie (D:7)
  13 gnolls
  A worker ant zombie (D:5)
  13 adders
  18 oozes
  An adder skeleton (D:7)
  An adder zombie (D:10)
  3 worms
  6 leopard geckos
  51 orcs
  3 ball pythons
  8 bats
  4 giant cockroaches
  10 goblins
  6 hobgoblins
  10 jackals
  6 quokkas
  6 frilled lizards
  10 kobolds
  7 rats
308 creatures vanquished.

Vanquished Creatures (others)
  3 fungi (D:6)
  4 plants
7 creatures vanquished.

Grand Total: 315 creatures vanquished

Notes
Turn   | Place    | Note
-------+----------+-------------------------------------------
     0 | D:1      | Faca the Centaur Hunter began the quest for the Orb.
     0 | D:1      | Reached XP level 1. HP: 17/17 MP: 1/1
   324 | D:1      | Reached XP level 2. HP: 13/25 MP: 2/2
   694 | D:1      | Reached skill level 6 in Bows
   694 | D:1      | Reached XP level 3. HP: 9/30 MP: 3/3
  1944 | D:2      | Reached XP level 4. HP: 28/38 MP: 4/4
  2084 | D:2      | Found a runed door.
  3221 | D:3      | Noticed sambo's ghost (amateur GnTm)
  3255 | D:3      | Killed sambo's ghost
  3255 | D:3      | Reached skill level 7 in Bows
  3255 | D:3      | Reached XP level 5. HP: 35/46 MP: 5/5
  4792 | D:4      | Noticed Sin92's ghost (amateur DsFi)
  4844 | D:4      | Killed Sin92's ghost
  4844 | D:4      | Reached skill level 5 in Fighting
  4844 | D:4      | Reached skill level 8 in Bows
  4844 | D:4      | Reached XP level 6. HP: 31/56 MP: 6/6
  5209 | D:5      | Entered Level 5 of the Dungeon
  5326 | D:4      | Reached XP level 7. HP: 30/61 MP: 7/7
  5496 | D:4      | Reached skill level 1 in Polearms
  5501 | D:4      | Reached skill level 9 in Bows
  6322 | D:5      | Noticed Blork the orc
  6330 | D:5      | Killed Blork the orc
  6534 | D:5      | Got a bone spear
  6535 | D:5      | Identified the +7 spear "Wirchoelu" {pierce, rElec rF+++ MR+ Dex-5} (You found it on level 5 of the Dungeon)
  6563 | D:5      | Reached XP level 8. HP: 65/71 MP: 8/8
  6625 | D:5      | Found Xoupoj's Assorted Antiques.
  6635 | D:5      | Bought a scroll labeled XAF UFYEMY for 26 gold pieces
  6635 | D:5      | Bought a scroll labeled RUAXEI PEALIMI for 26 gold pieces
  7158 | D:5      | Reached skill level 10 in Bows
  7507 | D:5      | Noticed Edmund
  7518 | D:5      | Killed Edmund
  8022 | D:6      | Found a staircase to the Ecumenical Temple.
  8030 | Temple   | Entered the Ecumenical Temple
  8058 | Temple   | Became a worshipper of Warmaster Okawaru
  8113 | D:6      | Reached XP level 9. HP: 74/80 MP: 9/9
  8121 | D:6      | Found an ornate altar of the Wu Jian Council.
  8228 | D:6      | Reached skill level 11 in Bows
  8244 | D:6      | Reached skill level 5 in Polearms
  8705 | D:6      | Found Taupupi's General Store.
  8856 | D:7      | Noticed Dowan
  8857 | D:7      | Noticed Duvessa
  8879 | D:7      | Killed Duvessa
  9049 | D:7      | Killed Dowan
  9068 | D:7      | Noticed Prince Ribbit
  9082 | D:7      | Reached * piety under Okawaru
  9356 | D:7      | Killed Prince Ribbit
  9547 | D:7      | Got an ancient scale mail
  9558 | D:7      | Identified the +3 scale mail "Goil" {+Fly rCorr Int+4 Dex+3} (You found it on level 7 of the Dungeon)
 10004 | D:8      | Reached skill level 12 in Bows
 10073 | D:8      | Noticed Erica
 10103 | D:8      | Killed Erica
 10103 | D:8      | Reached ** piety under Okawaru
 10103 | D:8      | Reached XP level 10. HP: 91/91 MP: 10/10
 10329 | D:8      | Reached *** piety under Okawaru
 10722 | D:8      | Received a gift from Okawaru
 10971 | D:8      | Found a staircase to the Lair.
 11230 | D:8      | Reached skill level 13 in Bows
 12399 | D:8      | Reached skill level 10 in Fighting
 13286 | D:9      | Reached **** piety under Okawaru
 13764 | D:10     | Entered Level 10 of the Dungeon
 13969 | D:9      | Reached XP level 11. HP: 85/101 MP: 11/11
 14059 | D:9      | Received a gift from Okawaru
 14367 | D:10     | Reached skill level 14 in Bows
 15389 | D:10     | Noticed a two-headed ogre
 15392 | D:10     | Reached ***** piety under Okawaru
 15392 | D:10     | Received a gift from Okawaru
 15401 | D:10     | Killed a two-headed ogre
 15599 | D:10     | Noticed a deep elf mage
 15613 | D:10     | Killed a deep elf mage
 15794 | D:10     | Noticed a deep elf mage
 15813 | D:10     | HP: 1/102 [fire elemental[a deep elf mage] (6)]
 15815 | D:10     | Killed from afar by a deep elf mage

Skill      XL: |  1  2  3  4  5  6  7  8  9 10 11 |
---------------+----------------------------------+-----
Bows           | 6 7 8 9 10 12 13 14 | 14.5
Fighting       | 3 4 5 6 7 9 10 11 | 11.0
Polearms       | 2 4 6 8 9 |  9.0
Dodging        | |  1.3
Stealth        | |  0.4

Action                   |  1- 3 |  4- 6 |  7- 9 | 10-12 || total
-------------------------+-------+-------+-------+-------++-------
Melee: Short sword       |   178 |   146 |       |       ||   324
       Kick              |    27 |    30 |    77 |   129 ||   263
       Trident           |       |    35 |   360 |   455 ||   850
       Spear             |       |       |    58 |    21 ||    79
 Fire: Shortbow          |       |    14 |       |       ||    14
  Use: Scroll            |       |     6 |     7 |     5 ||    18
       Potion            |       |     1 |     1 |       ||     2
  Eat: Chunk             |     3 |     2 |    20 |    24 ||    49
       Ration            |       |     2 |     2 |       ||     4
Armor: Leather armour    |    92 |    39 |       |       ||   131
       Ring mail         |       |    31 |   104 |       ||   135
       Scale mail        |       |       |    32 |   192 ||   224
Dodge: Dodged            |   138 |    77 |   204 |   243 ||   662
